 Dungeon Crawl Stone Soup version 0.31-a0-667-g39726597b9 (webtiles) character file.

Game seed: 8771956731942153356

3085 Conn the Conjurer (level 9, -4/114 HPs)
             Began as an Octopode Fire Elementalist on Sept 3, 2023.
             Was a Follower of Sif Muna.
             Engulfed by a cloud of flame (10 damage)
             ... on level 8 of the Dungeon.
             The game lasted 00:16:49 (8233 turns).

Conn the Conjurer (Octopode Fire Elementalist)      Turns: 8233, Time: 00:16:50

Health: -4/114     AC: 24    Str:  6 (7)  XL:     9   Next: 89%
Magic:  16/27      EV:  2    Int: 20 (22) God:    Sif Muna [*.....]
Gold:   1223       SH:  0    Dex: 12      Spells: 7/20 levels left

rFire   . . .        z - +7 Throatcutter {drain, coup de grace}
rCold   . . .        (no shield)
rNeg    . . .        (helmet currently unavailable)
rPois   +            (no amulet)
rElec   .            n - ring of magical power
rCorr   +            s - ring of resist corrosion
SInv    +            B - ring of see invisible
Will    +....        (no ring) Stlth
                     (no ring)
HPRegen 0.39/turn    (no ring)
MPRegen 0.20/turn    (no ring)
                     (no ring)

%: no passive effects
@: mighty, brilliant, berserking (expiring), tree-form, enlightened, invisible,
very quick
A: stationary, stasis, torment immunity, boosted hp, almost no armour,
(amphibious), 8 rings, (camouflage 1), (gelatinous body 1), (nimble swimmer 1),
(tentacles)
a: Renounce Religion, Channel Magic


You were on level 8 of the Dungeon.
You worshipped Sif Muna.
Sif Muna was aware of your devotion.
You were a tree.
You visited 1 branch of the dungeon, and saw 8 of its levels.

You collected 1223 gold pieces.

Inventory:

Hand Weapons
 d - a +0 dagger
 p - a +3 dagger of venom
 z - the +7 Throatcutter (weapon) {drain, coup de grace}
   (You found it on level 7 of the Dungeon)
Missiles
 k - 3 darts of dispersal
Jewellery
 n - a ring of magical power (left branch)
 s - a ring of resist corrosion (right branch)
 B - a ring of see invisible (on tentacle)
Wands
 m - a wand of light (8)
 q - a wand of polymorph (14)
 u - a wand of roots (10)
 y - a wand of mindburst (8)
Scrolls
 c - 3 scrolls of fear
 i - 2 scrolls of blinking
 o - 3 scrolls of poison
 r - 3 scrolls of teleportation
 v - a scroll of fog
 w - a scroll of enchant weapon
 x - a scroll of brand weapon {unknown}
Potions
 a - a potion of magic
 h - a potion of degeneration
 j - a potion of brilliance
 t - a potion of lignification
 A - a potion of attraction {unknown}
 C - a potion of heal wounds {unknown}


   Skills:
 + Level 1.5 Long Blades
 - Level 3.0 Dodging
 - Level 4.2 Stealth
 * Level 6.1 Spellcasting
 * Level 6.4 Conjurations
 - Level 3.0 Hexes
 + Level 5.9 Fire Magic
 + Level 3.8 Ice Magic
 + Level 5.8 Invocations


You had 7 spell levels left.
You knew the following spells:

 Your Spells              Type           Power      Damage    Failure   Level
a - Foxfire               Conj/Fire      100%       2x1d9     1%          1
b - Scorch                Fire           90%        2d8       1%          2
c - Inner Flame           Hex/Fire       36%        N/A       4%          3
d - Flame Wave            Conj/Fire      46%        2d12      9%          4
e - Hailstorm             Conj/Ice       40%        3d10      3%          3

Your spell library contained the following spells:

 Spells                   Type           Power      Damage    Failure   Level
 Freeze                   Ice            100%       1d10      2%          1
 Shock                    Conj/Air       100%       1d9       2%          1
 Frozen Ramparts          Ice            64%        1d10      6%          3
 Volatile Blastmotes      Fire/Tloc      54%        2d14      9%          3
 Wereblood                Tmut           9%         N/A       16%         2
 Summon Guardian Golem    Hex/Summ       18%        N/A       17%         3
 Swiftness                Air            9%         N/A       30%         3
 Metabolic Englaciation   Hex/Ice        14%        N/A       56%         5
 Irradiate                Conj/Tmut      14%        3d16      58%         5
 Airstrike                Air            4%         2d(1-17)  71%         4
 Petrify                  Tmut/Erth      9%         N/A       71%         4
 Starburst                Conj/Fire      23%        6d8       77%         6
 Plasma Beam              Fire/Air       13%        2x1d24    99%         6
 Orb of Destruction       Conj           23%        9d8       99%         7
 Spellforged Servitor     Conj/Summ      14%        N/A       100%        7


Dungeon Overview and Level Annotations

Branches:
Dungeon (8/15)             Temple (0/1) D:4            Lair (0/5) D:8

Altars:
Elyvilon
Hepliaklqana
Nemelex Xobeh
Qazlal
Ru
Sif Muna
Vehumet
Wu Jian

Shops:
D:1 ?

Annotations:
D:4 3 runed translucent doors, blacky4's ghost, amateur DsHu


Innate Abilities, Weirdness & Mutations

You are a tree.
Your roots penetrate the ground, keeping you stationary.
You cannot be teleported.
You are immune to unholy pain and torment.
Your maximum health is greatly increased.
You cannot wear most types of armour.
((You are amphibious.))
You can wear up to eight rings at the same time.
((Your skin changes colour to match your surroundings (Stealth+).))
((Your rubbery body absorbs attacks. (AC +1, EV +1)))
((You are camouflaged when in or above water. (Stealth+)))
((You have tentacles for arms and can constrict up to eight enemies at once.))


Message History

You feel your intelligence returning.
You feel your dexterity returning.
Your Long Blades skill increases to level 1!
Your Spellcasting skill increases to level 6!
Unknown command.
Unknown command.
Unknown command.
Unknown command.
Unknown command.
It was a potion of enlightenment.
Your roots keep you in place.
You are engulfed in blazing flames.
* * * LOW HITPOINT WARNING * * *
It was a potion of might.
You feel very mighty all of a sudden.
You are engulfed in blazing flames.
An orc comes into view. It is wielding a +0 short sword.
It was a potion of berserk rage.
A red film seems to cover your vision as you go berserk!
You feel yourself moving faster!
You feel mighty!
You are engulfed in blazing flames.
The orc shouts!
You hear a shout!
You cannot move.
You are too berserk!
Unknown command.
Unknown command.
You feel a strong urge to attack something.
You are engulfed in blazing flames.
* * * LOW HITPOINT WARNING * * *
Unknown command.
Unknown command.
Unknown command.
You are engulfed in blazing flames.
* * * LOW HITPOINT WARNING * * *
You cannot move.
You are too berserk!
You are too berserk!
You are too berserk!
Unknown command.
You feel your anger nearly subside.
You are engulfed in blazing flames.
You die...

#..# ####..#
#####....#####
#.....##......
#.###########.
##.# #..... #
####..# ###.##
##.###§...##
#.#
#...§)♣####
#.#
.....o#####
### #.# .....
..# #.# ....
#.# #.# .##
#.# #.# #.#
#.# #.# #.#
##.# #.# #>.#
#.##


You could see an orc (unable to see you).

Vanquished Creatures
  Erica (D:8)
  2 water moccasins (D:6)
  An orc warrior (D:6)
  2 black bears
  A sky beast (D:7)
  3 ice beasts
  3 ogres
  2 bullfrogs
  A gnoll sergeant (D:7)
  5 scorpions
  3 wights (D:7)
  5 hounds
  A gnoll bouda (D:5)
  An orc priest (D:3)
  Crazy Yiuf (D:5)
  2 jellies
  2 iguanas
  Ijyb (D:3)
  A sleepcap (D:6)
  3 orc wizards
  16 gnolls
  2 adders
  A shadow imp (D:5)
  2 white imps
  3 ufetubi
  A worm (D:3)
  3 dart slugs
  13 orcs
  2 ball pythons
  5 bats
  6 endoplasms
  4 giant cockroaches
  11 goblins
  4 hobgoblins
  4 quokkas
  A frilled lizard (D:1)
  9 kobolds
  2 rats
130 creatures vanquished.

Vanquished Creatures (collateral kills)
  2 foxfires (D:7)
2 creatures vanquished.

Vanquished Creatures (others)
  512 foxfires
512 creatures vanquished.

Grand Total: 644 creatures vanquished

Notes
Turn   | Place    | Note
-------+----------+-------------------------------------------
     0 | D:1      | Conn the Octopode Fire Elementalist began the quest for the
                  | Orb.
     0 | D:1      | Reached XP level 1. HP: 11/11 MP: 3/3
   140 | D:1      | Reached XP level 2. HP: 17/17 MP: 0/5
   148 | D:1      | Learned a level 2 spell: Scorch
   455 | D:1      | Found Zunoel's Magic Scroll Shop.
   543 | D:1      | Reached XP level 3. HP: 21/21 MP: 3/6
   548 | D:1      | Learned a level 3 spell: Inner Flame
  2022 | D:3      | Noticed an ice beast
  2327 | D:3      | Noticed Ijyb
  2336 | D:3      | Killed Ijyb
  2337 | D:3      | Reached XP level 4. HP: 27/27 MP: 4/7
  2563 | D:3      | Killed an ice beast
  2564 | D:3      | Reached XP level 5. HP: 31/31 MP: 9/9
  2968 | D:3      | Reached XP level 6. HP: 36/36 MP: 11/11
  3436 | D:3      | Found a shimmering blue altar of Sif Muna.
  3441 | D:3      | Became a worshipper of Sif Muna the Loreminder
  3816 | D:4      | Reached skill level 1 in Invocations
  3827 | D:4      | Learned a level 4 spell: Flame Wave
  3911 | D:4      | Reached XP level 7. HP: 41/41 MP: 7/12
  4071 | D:4      | Found a runed translucent gate.
  4071 | D:4      | Found a runed translucent gate.
  4282 | D:4      | Found a staircase to the Ecumenical Temple.
  4414 | D:4      | Found a runed translucent gate.
  4416 | D:4      | Noticed blacky4's ghost (amateur DsHu)
  4453 | D:4      | Learned a level 3 spell: Hailstorm
  4598 | D:4      | Found an ornate altar of the Wu Jian Council.
  4641 | D:4      | Found a sparkling altar of Nemelex Xobeh.
  4690 | D:4      | Identified a scroll of acquirement
  4690 | D:4      | Acquired 750 gold pieces
  4741 | D:5      | Entered Level 5 of the Dungeon
  4824 | D:5      | Reached skill level 1 in Hexes
  4824 | D:5      | Reached skill level 1 in Ice Magic
  4836 | D:5      | Reached * piety under Sif Muna
  4847 | D:5      | Reached XP level 8. HP: 44/46 MP: 1/14
  5145 | D:5      | Identified the +1 robe "Peahop" {rF++ rC+}
  5364 | D:5      | Found a white marble altar of Elyvilon.
  5562 | D:5      | Found a runed translucent door.
  5563 | D:5      | Noticed Crazy Yiuf
  5574 | D:5      | Killed Crazy Yiuf
  5853 | D:6      | Reached skill level 5 in Fire Magic
  6040 | D:6      | Reached skill level 5 in Conjurations
  6040 | D:6      | Reached skill level 5 in Invocations
  6287 | D:6      | Reached XP level 9. HP: 51/51 MP: 16/16
  6414 | D:6      | Reached skill level 5 in Spellcasting
  6961 | D:6      | Found a sacrificial altar of Ru.
  7175 | D:7      | Found a hazy altar of Hepliaklqana.
  7316 | D:7      | Found the +7 Throatcutter {drain, coup de grace}
  7354 | D:7      | Found a stormy altar of Qazlal.
  7925 | D:7      | Found a radiant altar of Vehumet.
  8140 | D:8      | Found a staircase to the Lair.
  8210 | D:8      | Noticed Erica
  8227 | D:8      | Killed Erica
  8228 | D:8      | Reached skill level 1 in Long Blades
  8233 | D:8      | Engulfed by a cloud of flame

Illustrated notes

Levels and vault maps discovered:
D:1:      dpeg_arrival_pits, layout_basic, serial_shops, shop,
          nicolae_twisty_statue_hallways
D:2:      layout_loops_corners
D:3:      layout_basic, led_sif_book, uniq_ijyb
D:4:      layout_loops_ring, mainiacjoe_overflow_two_lobes,
          minmay_temple_entry_crystal_x, ebering_ghost_rock_garden
D:5:      layout_gridville, mainiacjoe_overflow_six_doors_small,
          grunt_tough_drop, uniq_crazy_yiuf_cottage
D:6:      layout_layer_cave, nicolae_ru_the_path_less_chosen
D:7:      layout_gridville, fiery_altar_vehumet, lemuel_crystal_altar,
          nicolae_qazlal_eye_of_the_storm, kennysheep_pointless_box
D:8:      layout_basic, lair_entry_dummy, uniq_maurice, uniq_erica, uniq_joseph

Skill      XL: |  1  2  3  4  5  6  7  8  9 |
---------------+----------------------------+-----
Stealth        | 3 4 |  4.2
Conjurations   | 2 3 4 5 6 |  6.4
Spellcasting   | 3 4 6 |  6.1
Dodging        | 3 |  3.0
Invocations    | 2 3 5 |  5.8
Fire Magic     | 4 5 |  5.9
Hexes          | 1 2 3 |  3.0
Ice Magic      | 1 2 3 |  3.8
Long Blades    | 1 |  1.5

Action                     |  1- 3 |  4- 6 |  7- 9 || total
---------------------------+-------+-------+-------++-------
  Melee: Dagger            |     3 |     2 |    32 ||    37
         Constrict         |       |     1 |     9 ||    10
         Punch             |       |       |     3 ||     3
         Tentacles         |       |       |     6 ||     6
         Long sword        |       |       |     7 ||     7
   Cast: Foxfire           |    65 |    87 |   139 ||   291
         Scorch            |     8 |     8 |    32 ||    48
         Inner Flame       |     2 |     1 |     8 ||    11
         Flame Wave        |       |       |     1 ||     1
  Evoke: Wand              |       |       |     2 ||     2
    Use: Scroll            |       |     6 |     6 ||    12
         Potion            |       |       |     8 ||     8
   Stab: Sleeping          |       |     1 |     2 ||     3
 Armour: Skin              |     5 |     5 |    46 ||    56
  Dodge: Dodged            |     4 |     5 |    27 ||    36

Table legend: (Time is in decaauts)
 A = Elapsed time spent in this place.
 B = Non-inter-level travel time spent in this place.
 C = Inter-level travel time spent in this place.
 D = Time resting spent in this place.
 E = Time spent auto-exploring this place.
 F = Levels seen in this place.
 G = Mean time per level.
                   A        B        C        D        E       F      G
               +--------+--------+--------+--------+--------+-----+--------+
         Total |   8230 |   8030 |    200 |    380 |   6154 |   8 | 1028.8 |
       Dungeon |   8230 |   8030 |    200 |    380 |   6154 |   8 | 1028.8 |
               +--------+--------+--------+--------+--------+-----+--------+

Top non-repeatable levels by time:
     D:3: 1593 daAuts
     D:6: 1347 daAuts
     D:2: 1150 daAuts
     D:5: 1085 daAuts
     D:4: 1080 daAuts
     D:1: 914 daAuts
     D:7: 894 daAuts
     D:8: 163 daAuts
